 Dungeon Crawl Stone Soup version 0.31-a0-1540-g5a0b83f448 (webtiles) character file.

Game seed: 8564119083189911434

23 MisterAzrael the Changeling (level 3, -2/23 HPs)
             Began as an Octopode Shapeshifter on Jan 2, 2024.
             Frozen to death by an endoplasm (4 damage)
             ... on level 1 of the Dungeon.
             The game lasted 00:00:41 (510 turns).

MisterAzrael the Changeling (Octopode Shapeshifter)  Turns: 510, Time: 00:00:42

Health: -2/23      AC:  1    Str: 15    XL:     3   Next: 0%
Magic:  3/3        EV: 13    Int: 12    God:
Gold:   17         SH:  0    Dex: 11    Spells: 2/2 levels left

rFire   . .          .
                       - Unarmed
rCold   . . .        (no shield)
rNeg    . . .        (helmet currently unavailable)
rPois   .            (no amulet)
rElec   .            (no ring)
rCorr   .            (no ring)
SInv    .            (no ring)
Will    .....        (no ring)
Stlth   ++           (no ring)
HPRegen 0.23/turn    (no ring)
MPRegen 0.08/turn    (no ring)
                     (no ring)

%: no passive effects
@: beast-form
A: beast (slay +2), almost no armour, amphibious, 8 rings, camouflage 1,
gelatinous body 1, (nimble swimmer 1), tentacles
a: Begin Untransformation


You were on level 1 of the Dungeon.
You were a hulking beast.
You visited 1 branch of the dungeon, and saw 1 of its levels.

You collected 17 gold pieces.

Inventory:

Talismans
 b - a beast talisman
 c - a flux talisman
Scrolls
 d - a scroll of teleportation {unknown}
 e - a scroll of identify {unknown}
 f - a scroll of fog {unknown}
Potions
 a - a potion of lignification
 g - a potion of magic {unknown}
 h - a potion of curing {unknown}
 i - a potion of haste {unknown}


   Skills:
 - Level 1.0 Fighting
 - Level 2.0 Dodging
 + Level 3.3 Unarmed Combat
 * Level 3.6 Shapeshifting


You had 2 spell levels left.
You didn't know any spells.
Your spell library contained the following spells:

 Spells                   Type           Power      Damage    Failure   Level
 Manifold Assault         Tloc           0%         N/A       97%         4
 Dispersal                Tloc           0%         N/A       100%        6
 Disjunction              Tloc           0%         N/A       100%        8


Dungeon Overview and Level Annotations

Branches:
Dungeon (1/15)

Altars:


Innate Abilities, Weirdness & Mutations

You are a hulking beast.
Your limbs bulge with bestial killing power. (Slay +2)
You cannot wear most types of armour.
You are amphibious.
You can wear up to eight rings at the same time.
Your skin changes colour to match your surroundings (Stealth+).
Your rubbery body absorbs attacks. (AC +1, EV +1)
((You are camouflaged when in or above water. (Stealth+)))
You have tentacles for arms and can constrict up to eight enemies at once.


Message History

No target in view!
No target in view!
You see here a bat corpse.
Found a hand axe.
An endoplasm comes into view.
An endoplasm is nearby!
A goblin comes into view. It is wielding a +0 dagger.
A gnoll comes into view. It is wielding a +0 spear.
The gnoll shouts!
The endoplasm quivers.
The goblin misses you. The endoplasm freezes you.
You are frozen.
The gnoll barely misses you.
You miss the goblin. Your grab misses the goblin.
The goblin hits you with a +0 dagger. The endoplasm hits you.
The gnoll misses you.
You bludgeon the goblin!
You kill the goblin!
The endoplasm closely misses you.
The gnoll hits you from afar with a +0 spear.
You have reached level 3!
Your experience leads to an increase in your attributes!
Increase (S)trength, (I)ntelligence, or (D)exterity?
You feel stronger. x2
The endoplasm freezes you.
You are frozen.
The gnoll closely misses you.
Things that are here:
a +0 dagger; a goblin corpse You bludgeon the gnoll!
You grab the gnoll.
The gnoll is heavily wounded.
You constrict the gnoll.
The endoplasm hits you but does no damage.
The gnoll hits you with a +0 spear!
* * * LOW HITPOINT WARNING * * *
You tentacle-slap the gnoll.
You kill the gnoll!
The endoplasm jiggles.
The endoplasm freezes you.
You are frozen.
You die...

### ### #.. ... #.#
###########.## #.#
#............#
#.####.#########..#
#..†...###### #).#
#.###.......# #hJ#
#.###.#####.# #..#
#...........####..#
#.###.#...........#
#.#....).........##
#.#.#.#.##########
.>#...#.# #.#####.#
#.# #.#


You could see an endoplasm.

Vanquished Creatures
  A gnoll (D:1)
  4 ball pythons (D:1)
  2 bats (D:1)
  An endoplasm (D:1)
  6 goblins (D:1)
  3 hobgoblins (D:1)
  A quokka (D:1)
  A frilled lizard (D:1)
  3 rats (D:1)
22 creatures vanquished.

Notes
Turn   | Place    | Note
-------+----------+-------------------------------------------
     0 | D:1      | MisterAzrael the Octopode Shapeshifter began the quest for
                  | the Orb.
     0 | D:1      | Reached XP level 1. HP: 13/13 MP: 1/1
   105 | D:1      | Found a faded altar of an unknown god.
   256 | D:1      | Reached XP level 2. HP: 18/18 MP: 2/2
   508 | D:1      | Reached XP level 3. HP: 12/23 MP: 3/3
   509 | D:1      | HP: 1/23 [gnoll/+0 spear (7)]
   510 | D:1      | Frozen to death by an endoplasm

Illustrated notes

Levels and vault maps discovered:
D:1:      minmay_arrival_jagged, layout_basic, hellmonk_ecumenical_altar_run_dry

Action                     || total
---------------------------++-------
  Melee: Unarmed           ||    35
         Constrict         ||     7
         Tentacles         ||     3
   Stab: Sleeping          ||     6
 Armour: Skin              ||    12
  Dodge: Dodged            ||    26

Table legend: (Time is in decaauts)
 A = Elapsed time spent in this place.
 B = Non-inter-level travel time spent in this place.
 C = Inter-level travel time spent in this place.
 D = Time resting spent in this place.
 E = Time spent auto-exploring this place.
 F = Levels seen in this place.
 G = Mean time per level.
                   A        B        C        D        E       F      G
               +--------+--------+--------+--------+--------+-----+--------+
         Total |    507 |    507 |      0 |      0 |    374 |   1 |  507.0 |
       Dungeon |    507 |    507 |      0 |      0 |    374 |   1 |  507.0 |
               +--------+--------+--------+--------+--------+-----+--------+

Top non-repeatable levels by time:
     D:1: 507 daAuts
